 Dungeon Crawl Stone Soup version 0.25-a0-591-g2ad0d86 (webtiles) character file.

Game seed: 7949265405736358635, levelgen mode: deterministic

267 MrTaco21 the Cudgeler (level 6, -6/37 HPs)
             Began as a Gargoyle Fighter on Mar 14, 2020.
             Killed by divine providence
             ... invoked by an orc priest
              (15 damage)
             ... on level 3 of the Dungeon.
             The game lasted 00:02:49 (2036 turns).

MrTaco21 the Cudgeler (Gargoyle Fighter)            Turns: 2036, Time: 00:02:50

Health: -6/37      AC: 11    Str: 21    XL:     6   Next: 21%
Magic:  6/6        EV:  4    Int:  9    God:
Gold:   170        SH:  0    Dex:  9    Spells: 5/5 levels left

rFire    . . .     SeeInvis .   a - +0 flail
rCold    . . .     Gourm    .   c - +0 kite shield
rNeg     + . .     Faith    .   b - +0 scale mail
rPois    ∞         Spirit   .   (no helmet)
rElec    +         Reflect  .   (no cloak)
rCorr    .         Harm     .   (no gloves)
MR       .....                  (no boots)
Stlth    ..........             (no amulet)
HPRegen  0.12/turn              (no ring)
MPRegen  0.10/turn              (no ring)

@: held
A: negative energy resistance 1, electricity resistance, unbreathing,
petrification resistance, rot immunity, AC +4
a: no special abilities


You were on level 3 of the Dungeon.
You were not hungry.

You visited 1 branch of the dungeon, and saw 3 of its levels.

You collected 170 gold pieces.

Inventory:

Hand Weapons
 a - a +0 flail (weapon)
Armour
 b - a +0 scale mail (worn)
 c - a +0 kite shield (worn)
Jewellery
 o - an uncursed amulet of faith {unknown}
   (You found it on level 2 of the Dungeon)
Scrolls
 f - 5 scrolls of identify {unknown}
 g - 4 scrolls of noise {unknown}
 j - a scroll of enchant weapon {unknown}
 k - a scroll of magic mapping {unknown}
 n - 2 scrolls of teleportation {unknown}
 q - a scroll of immolation {unknown}
 s - a scroll of amnesia {unknown}
 t - a scroll of remove curse {unknown}
 u - a scroll of enchant armour {unknown}
Potions
 d - a potion of might
 h - 2 potions of mutation {unknown}
 i - a potion of flight {unknown}
 l - 4 potions of stabbing {unknown}
 m - 2 potions of lignification {unknown}
 p - 2 potions of curing {unknown}
 r - a potion of haste {unknown}
 w - a potion of invisibility {unknown}
Comestibles
 e - 6 rations {!d}
 v - 7 chunks of flesh


   Skills:
 - Level 3.2 Fighting
 + Level 6.3 Maces & Flails
 - Level 3.2 Armour
 - Level 3.2 Shields


You had 5 spell levels left.
You didn't know any spells.
Your spell library was empty.

Dungeon Overview and Level Annotations

Branches:
Dungeon (3/15)

Altars:


Innate Abilities, Weirdness & Mutations

You are resistant to torment.
Your stone body is resilient. (AC +4)
You are immune to poison.
You resist negative energy. (rN+)
You are resistant to electric shocks. (rElec)
You can survive without breathing.
You are immune to petrification.
You are immune to rotting.


Message History

A gnoll comes into view. It is wielding a +1 spear of pain.
An orc comes into view.
The gnoll hits you with a +1 spear of venom.
Found 2 white potions.
You closely miss the gnoll. You block the gnoll's attack.
You barely miss the gnoll.
An orc priest comes into view. It is wielding a +0 whip.
You block the gnoll's attack. The gnoll barely misses you.
You closely miss the gnoll.
The gnoll hits you but does no damage. x2
The orc wizard casts a spell at you. You block the puff of flame.
You closely miss the orc wizard. The gnoll hits you but does no damage.
You block the gnoll's attack. The gnoll hits you but does no damage.
The orc drinks a potion.
The orc seems to grow stronger.
The orc wizard hits you but does no damage.
You barely miss the orc wizard.
The gnoll hits you from afar with a +1 spear of pain.
The orc closely misses you.
The gnoll hits you with a +1 spear of venom.
The orc wizard hits you but does no damage.
You block the gnoll's attack.
You closely miss the orc wizard. The orc hits you but does no damage.
The gnoll hits you but does no damage. x2
The orc priest invokes the aid of Beogh against you.
Beogh smites you!
* * * LOW HITPOINT WARNING * * *
The orc hits you with a +0 mace.
* * * LOW HITPOINT WARNING * * *
The orc wizard hits you but does no damage.
The gnoll hits you but does no damage.
You are too injured to fight recklessly!
You are too injured to fight recklessly!
Unknown command.
You block the gnoll's attack. The gnoll hits you with a +0 whip.
* * * LOW HITPOINT WARNING * * *
The orc barely misses you.
The orc priest miscasts a cantrip.
Unknown command.
The orc wizard casts a spell at you.
The magic dart hits you but does no damage.
The gnoll throws a throwing net.
The throwing net hits you.
You become entangled in the net!
You see here a throwing net {!f}.
Unknown command.
You struggle against the net.
The gnoll closely misses you.
Unknown command.
You struggle against the net.
The gnoll hits you but does no damage.
The orc priest invokes the aid of Beogh against you.
Beogh smites you!
You die...

#..........))).....#
#.....###..#.......###
#####......÷).........
#.#......#.....###
##+#.##..##.....#
#....###.###....#
#....# #.# #.)..#
#(...# ### ##...# ###
#.@..# ##..#
....#####ogo.###
#..###
.......gog.....#
#...).
!.......o..#####
###... .......o...#
###. .........### ##
##.....### #.....
.......


You could see an orc priest, an orc wizard, 3 gnolls and 3 orcs.

Vanquished Creatures
  Sigmund (D:2)
  A hound (D:3)
  An adder (D:2)
  4 dart slugs (D:1)
  A leopard gecko (D:3)
  4 orcs (D:3)
  9 bats
  A giant cockroach (D:1)
  7 goblins
  11 hobgoblins
  A ball python (D:1)
  2 frilled lizards (D:1)
  7 kobolds
  3 rats
53 creatures vanquished.

Notes
Turn   | Place    | Note
-------+----------+-------------------------------------------
     0 | D:1      | MrTaco21 the Gargoyle Fighter began the quest for the Orb.
     0 | D:1      | Reached XP level 1. HP: 14/14 MP: 1/1
    81 | D:1      | Reached XP level 2. HP: 19/19 MP: 2/2
   111 | D:1      | Reached skill level 3 in Maces & Flails
   244 | D:1      | Reached XP level 3. HP: 17/23 MP: 3/3
   838 | D:2      | Reached skill level 4 in Maces & Flails
   903 | D:2      | Reached XP level 4. HP: 25/28 MP: 4/4
   974 | D:2      | Noticed Sigmund
  1276 | D:2      | Killed Sigmund
  1276 | D:2      | Reached skill level 6 in Maces & Flails
  1276 | D:2      | Reached XP level 5. HP: 14/32 MP: 5/5
  1904 | D:3      | Reached XP level 6. HP: 37/37 MP: 6/6
  2036 | D:3      | Killed from afar by an orc priest

Levels and vault maps discovered:
D:1:      dpeg_arrival_boxorama, layout_rooms, minmay_circled_x
D:2:      layout_basic, uniq_sigmund
D:3:      layout_basic, minmay_overflow_temple_star_quad

Skill      XL: |  1  2  3  4 |
---------------+-------------+-----
Maces & Flails | 3 4 6 |  6.3
Fighting       | |  3.2
Armour         | |  3.2
Shields        | |  3.2

Action                   |  1- 3 |  4- 6 || total
-------------------------+-------+-------++-------
Melee: Flail             |   127 |    76 ||   203
  Eat: Chunk             |       |     4 ||     4
Armor: Scale mail        |    70 |   105 ||   175
Dodge: Dodged            |    47 |    48 ||    95
Block: Kite shield       |    79 |    93 ||   172

Table legend:
 A = Non-vault XP
 B = Vault XP
 C = Vault XP percentage of total XP
 D = Non-vault monster count
 E = Vault monster count
 F = Vault count percentage of total count
                 A         B        C        D         E       F
            +---------+---------+-------+---------+---------+-------
      Total |     143 |     239 |  62.6 |      48 |       5 |   9.4
            +---------+---------+-------+---------+---------+-------
        D:1 |      56 |      12 |  17.6 |      31 |       4 |  11.4
        D:2 |      23 |     227 |  90.8 |       7 |       1 |  12.5
        D:3 |      64 |       0 |   0.0 |      10 |       0 |   0.0
            +---------+---------+-------+---------+---------+-------
